 Dungeon Crawl Stone Soup version 0.25.1-1-g288607f5aa (webtiles) character file.

Game seed: 6576825512669864526

766072 flea the Portalist (level 27, -12/177 HPs)
             Began as a Halfling Hunter on July 21, 2020.
             Was the Champion of Zin.
             Killed from afar by a hellion (23 damage)
             ... with damnation
             ... on level 6 of Gehenna on July 22, 2020.
             The game lasted 07:40:57 (96094 turns).

flea the Portalist (Halfling Hunter)               Turns: 96094, Time: 07:40:57

Health: -12/177    AC: 26    Str: 26    XL:     27
Magic:  34/40      EV: 34    Int: 14    God:    Zin [******]
Gold:   2690       SH: 24    Dex: 28    Spells: 6/53 levels left

rFire    + + .     SeeInvis +   b - +4 sacred scourge (holy)
rCold    + . .     Gourm    .   i - +5 kite shield {AC+3}
rNeg     + + .     Faith    .   l - quicksilver dragon scales
rPois    .         Spirit   .   c - +0 mask of the Dragon {MR+ Slay+3 SInv}
rElec    +         Reflect  .   s - +2 cloak
rCorr    .         Harm     .   O - +2 pair of gloves {Str+3}
MR       +++++                  M - +0 pair of boots "Liewauquge" {rC+ Dex+3}
Stlth    ++++++++..             Q - amulet of Kuxtibb {rElec rF++ Regen+}
HPRegen  0.79/turn              L - ring "Unudopt" {rN+ MR++ Dex+6 Slay+6}
MPRegen  0.27/turn              x - ring "Lynumex" {rElec rN+ MR+ Str+6 Slay+3}

@: no status effects
A: small, frail 1, mutation resistance 1
}: 4/15 runes: serpentine, barnacled, silver, abyssal
a: Recite, Vitalisation, Imprison, Sanctuary, Donate Gold, Renounce Religion


You were on level 6 of Gehenna.
You worshipped Zin.
Zin was exalted by your worship.
You were not hungry.

You visited 12 branches of the dungeon, and saw 55 of its levels.
You visited the Abyss 7 times.

You collected 13717 gold pieces.
You spent 7996 gold pieces at shops.
You donated 3031 gold pieces to Zin.

Inventory:

Hand Weapons
 a - a +8 fustibalus of venom
 b - a +4 sacred scourge of holy wrath (weapon)
Missiles
 d - 261 sling bullets
 g - 625 stones (quivered)
 Z - 6 throwing nets
Armour
 c - the +0 mask of the Dragon (worn) {MR+ Slay+3 SInv}
   (You bought it in a shop on level 10 of the Dungeon)

   It affects your accuracy and damage with ranged weapons and melee attacks
   (+3).
   It affects your resistance to hostile enchantments.
   It lets you see invisible.
 i - a +5 kite shield of protection (worn)
 l - quicksilver dragon scales (worn)
 s - a +2 cloak (worn)
 M - the +0 pair of boots "Liewauquge" (worn) {rC+ Dex+3}
   (You acquired it on level 5 of the Lair of Beasts)

   It affects your dexterity (+3).
   It protects you from cold.
 O - a +2 pair of gloves of strength (worn)
Jewellery
 m - the ring "Veixova" {rPois Int+6}
   (You found it on level 3 of the Elven Halls)

   [ring of intelligence]

   It affects your intelligence (+6).
   It protects you from poison.
 x - the ring "Lynumex" (right hand) {rElec rN+ MR+ Str+6 Slay+3}
   (You took it off a yaktaur captain on level 5 of the Vaults)

   [ring of strength]

   It affects your strength (+6).
   It affects your accuracy and damage with ranged weapons and melee attacks
   (+3).
   It insulates you from electricity.
   It protects you from negative energy.
   It affects your resistance to hostile enchantments.
 L - the ring "Unudopt" (left hand) {rN+ MR++ Dex+6 Slay+6}
   (You bought it in a shop on level 5 of the Depths)

   [ring of dexterity]

   It affects your dexterity (+6).
   It affects your accuracy and damage with ranged weapons and melee attacks
   (+6).
   It protects you from negative energy.
   It affects your resistance to hostile enchantments.
 Q - the amulet of Kuxtibb (around neck) {rElec rF++ Regen+}
   (You took it off a deep elf mage on level 1 of the Elven Halls)

   [amulet of regeneration]

   It greatly protects you from fire.
   It insulates you from electricity.
   It increases your rate of regeneration.
 X - the ring "Uvoary" {rC+ rCorr Str+7 Int+4}
   (You found it on level 3 of the Depths)

   [ring of resist corrosion]

   It affects your strength (+7).
   It affects your intelligence (+4).
   It protects you from cold.
   It provides partial protection from all sources of acid and corrosion.
Wands
 h - a wand of iceblast (53)
 J - a wand of digging (50)
 P - a wand of acid (34)
 S - a wand of disintegration (27)
Scrolls
 e - 31 scrolls of remove curse
 k - 6 scrolls of enchant armour
 p - 11 scrolls of teleportation
 q - 12 scrolls of immolation
 t - 11 scrolls of fog
 u - 11 scrolls of magic mapping
 y - 5 scrolls of fear
 A - 5 scrolls of amnesia
 R - a scroll of holy word
 V - 5 scrolls of blinking
 Y - 5 scrolls of vulnerability
Potions
 j - 10 potions of heal wounds
 n - 8 potions of stabbing
 o - 4 potions of resistance
 r - 12 potions of curing
 v - 10 potions of brilliance
 w - 16 potions of haste
 z - 6 potions of might
 B - 11 potions of flight
 C - 6 potions of cancellation
 D - 5 potions of mutation
 E - 2 potions of berserk rage
 F - 4 potions of invisibility
 G - 4 potions of magic
 K - 5 potions of ambrosia
Miscellaneous
 I - a phial of floods
 U - a phial of floods
Comestibles
 f - 63 rations


   Skills:
 + Level 18.4 Fighting
   Level 1.9(15.8) Axes
 + Level 21.4 Maces & Flails
 - Level 20.5 Slings
 - Level 14.0 Armour
 - Level 18.5 Dodging
 - Level 20.0 Stealth
 - Level 21.1 Shields
 - Level 13.8 Spellcasting
 - Level 23.0 Translocations
 + Level 12.3 Invocations
 - Level 10.1 Evocations


You had 6 spell levels left.
You knew the following spells:

 Your Spells              Type           Power        Failure   Level  Hunger
a - Passage of Golubria   Tloc           N/A          0%          4    ##.....
b - Gell's Gravitas       Tloc           ######....   0%          3    None
c - Portal Projectile     Hex/Tloc       #####.       1%          3    None
d - Controlled Blink      Tloc           N/A          4%          8    #######
e - Disjunction           Tloc           ######....   4%          8    #######
f - Dispersal             Tloc           ######....   1%          6    ######.
g - Blink                 Tloc           N/A          0%          2    None
h - Lesser Beckoning      Tloc           ######....   0%          3    None
i - Apportation           Tloc           ######       0%          1    None
j - Tornado               Air            #.........   100%        9    #######

Your spell library contained the following spells:

 Spells                   Type           Power        Failure   Level  Hunger
 Recall                   Summ/Tloc      N/A          1%          3    None
 Iskenderun's Mystic Bla  Conj/Tloc      #####...     1%          4    ##.....
 Animate Skeleton         Necr           N/A          10%         1    None
 Beastly Appendage        Tmut           #.....       10%         1    None
 Corona                   Hex            #......      10%         1    None
 Foxfire                  Conj/Fire      #...         10%         1    None
 Freeze                   Ice            #...         10%         1    None
 Magic Dart               Conj           #...         10%         1    None
 Sandblast                Erth           #.....       10%         1    None
 Summon Butterflies       Summ           #.......     10%         1    None
 Summon Small Mammal      Summ           #...         10%         1    None
 Call Imp                 Summ           #.......     14%         2    None
 Ensorcelled Hibernation  Hex/Ice        #.....       14%         2    None
 Passwall                 Tmut/Erth      #.......     14%         2    None
 Slow                     Hex            #.......     14%         2    None
 Sticks to Snakes         Tmut           #.......     14%         2    None
 Swiftness                Chrm/Air       #.......     14%         2    None
 Call Canine Familiar     Summ           #.......     28%         3    None
 Confusing Touch          Hex            #.......     28%         3    None
 Conjure Flame            Conj/Fire      #.......     28%         3    None
 Dazzling Flash           Conj/Hex       #.....       28%         3    None
 Mephitic Cloud           Conj/Pois/Air  #.......     28%         3    None
 Ozocubu's Armour         Chrm/Ice       #.......     28%         3    None
 Spider Form              Tmut/Pois      #.........   28%         3    None
 Static Discharge         Conj/Air       #.......     28%         3    None
 Stone Arrow              Conj/Erth      #.....       28%         3    None
 Summon Guardian Golem    Hex/Summ       #.......     28%         3    None
 Tukima's Dance           Hex            #.......     28%         3    None
 Cause Fear               Hex            #.........   67%         4    ##.....
 Ice Form                 Ice/Tmut       #.......     67%         4    ##.....
 Petrify                  Tmut/Erth      #.......     67%         4    ##.....
 Summon Ice Beast         Ice/Summ       #.......     67%         4    ##.....
 Summon Lightning Spire   Summ/Air       #.......     67%         4    ##.....
 Alistair's Intoxication  Tmut/Pois      #.......     95%         5    #####..
 Blade Hands              Tmut           #.........   95%         5    #####..
 Bolt of Magma            Conj/Fire/Erth #.........   95%         5    #####..
 Borgnjor's Vile Clutch   Necr/Erth      #.........   95%         5    #####..
 Irradiate                Conj/Tmut      #.........   95%         5    #####..
 Lee's Rapid Deconstruct  Erth           #.........   95%         5    #####..
 Lightning Bolt           Conj/Air       #.........   95%         5    #####..
 Metabolic Englaciation   Hex/Ice        #.........   95%         5    #####..
 Silence                  Hex/Air        #.........   95%         5    #####..
 Yara's Violent Unravell  Hex/Tmut       #.........   95%         5    #####..
 Darkness                 Hex            #.........   100%        6    ######.
 Freezing Cloud           Conj/Ice/Air   #.........   100%        6    ######.
 Hydra Form               Tmut           #.........   100%        6    ######.
 Invisibility             Hex            #.......     100%        6    ######.
 Ozocubu's Refrigeration  Ice            #.........   100%        6    ######.
 Simulacrum               Ice/Necr       #.........   100%        6    ######.
 Starburst                Conj/Fire      #.........   100%        6    ######.
 Statue Form              Tmut/Erth      #........    100%        6    ######.
 Malign Gateway           Summ/Tloc      #####.....   56%         7    #######
 Dragon Form              Tmut           #.........   100%        7    #######
 Haunt                    Necr/Summ      #.........   100%        7    #######
 Ring of Flames           Chrm/Fire      #.........   100%        7    #######
 Spellforged Servitor     Conj/Summ      #.........   100%        7    #######
 Borgnjor's Revivificati  Necr           #.........   100%        8    #######
 Chain Lightning          Conj/Air       #.........   100%        8    #######
 Death's Door             Chrm/Necr      #.........   100%        8    #######
 Discord                  Hex            #.........   100%        8    #######
 Ignition                 Fire           #.........   100%        8    #######
 Infestation              Necr           #.........   100%        8    #######
 Lehudib's Crystal Spear  Conj/Erth      #.........   100%        8    #######
 Necromutation            Tmut/Necr      #.........   100%        8    #######
 Absolute Zero            Ice            #.........   100%        9    #######
 Fire Storm               Conj/Fire      #.........   100%        9    #######
 Shatter                  Erth           #.........   100%        9    #######


Dungeon Overview and Level Annotations

Branches:
Dungeon (15/15)            Temple (1/1) D:4            Lair (6/6) D:10
 Shoals (4/4) Lair:2        Snake (4/4) Lair:2        Slime (0/5) Lair:6
    Orc (2/2) D:10            Elf (3/3) Orc:2        Vaults (5/5) D:13
  Crypt (3/3) Vaults:2       Tomb (0/3) Crypt:3      Depths (5/5) D:15
   Hell (visited)             Dis (0/7) Hell            Geh (5/7) Hell
    Coc (0/7) Hell            Tar (0/7) Hell            Zot (0/5) Depths:5

Altars:
Ashenzari
Cheibriados
Dithmenos
Elyvilon
Fedhas
Gozag
Hepliaklqana
Kikubaaqudgha
Makhleb
Nemelex Xobeh
Okawaru
Qazlal
Ru
Sif Muna
Trog
Uskayaw
Vehumet
Wu Jian
Xom
Yredelemnul
Zin
The Shining One
Beogh
Jiyva

Shops:
D:8 (   D:10 *(*[!   Orc:2 :[?:   Shoals:3 :   Shoals:4 [   Snake:3 (
Vaults:1 *   Vaults:4 *   Vaults:5 !!%   Depths:3 ([[   Depths:5 *}%=}!

Portals:
Hell: Depths:1 Depths:2 Depths:3 Depths:4 Depths:5
Abyss: Depths:2 Depths:4
Pandemonium: Depths:3
Ziggurat: Depths:5
Trove: Vaults:2 (give +8 demon blade)

Annotations:
D:14 Roxanne
Lair:4 exclusion: oklob plant
Lair:5 1 runed translucent door, Kaofid's ghost, journeyman GrEE
Snake:2 exclusion: oklob plant


Innate Abilities, Weirdness & Mutations

You are small and have problems with some larger weapons.
You are somewhat resistant to further mutation.
You are frail. (-10% HP)


Message History

The Hell Sentinel blinks!
The red devil blinks!
The snapping turtle skeleton disappears!
Something unseen opens the door.
The Hell Sentinel gestures at you.
The sphere of damnation explodes!
The damnation engulfs you!!!
The tormentor calls on the powers of darkness!
Your body is wracked with pain!
* * * LOW HITPOINT WARNING * * *
A tormentor opens the door.
The ancient lich gestures wildly while chanting.
The ancient lich seems to speed up.
The hellion gestures at you.
The sphere of damnation explodes!
The damnation engulfs you!!
* * * LOW HITPOINT WARNING * * *
The tormentor calls on the powers of darkness!
Your body is wracked with pain!
* * * LOW HITPOINT WARNING * * *
The hellion gestures at you.
The sphere of damnation explodes!
The damnation engulfs you!!
You die...

###≈. #..≈§...# #≈§..
#.§§§≈..# §§...
#..≈≈§..# §
#≈...###.§≈≈...# .§
#≈§.^.##..§≈...# L≈#
#≈............####+#.≈##
####'##.......''''''''''
##>..##......'++'2'+
##.....##.≈...'@'12'+
#.......#≈≈≈§.'+'§2..+
#.......#≈###.'+1222.'+
#.∩.....### #.'+4122.++
##.....## ##'++..4.+
##...## #'+


++'++ ##### #'+ ++ #'' You could see 2 Hell Sentinels, an ancient lich (fast), a
Brimstone Fiend, a balrug, 3 hellions, 4 tormentors and 2 red devils.

Vanquished Creatures
  Khufu (Crypt:3)
  A juggernaut (Depths:5)
  7 ancient liches
  Saint Roka (Orc:2)
  2 caustic shrikes
  Geryon (Hell)
  3 golden dragons (Vaults:5)
  Nikola (Shoals:4)
  2 profane servitors
  12 bone dragons
  A hellephant (Abyss:1)
  14 liches
  Rupert (Orc:1)
  10 tentacled monstrosities
  6 Brimstone Fiends
  3 Hell Sentinels
  Jorgrun (Orc:2)
  Asterion (Snake:2)
  10 deep elf blademasters
  9 titans
  3 quicksilver dragons
  9 deep elf master archers
  4 ancient champions
  The ghost of Pitolas the Severer, an adept DDFi of Makhleb (Shoals:2)
  3 acid blobs (Depths:2)
  An Executioner (Abyss:1)
  27 tentacled starspawn
  An acid blob (shapeshifter) (Abyss:3)
  Polyphemus (Shoals:4)
  Frances (D:13)
  4 storm dragons
  9 sphinxes
  6 revenants
  4 tengu reavers
  5 shadow dragons
  Donald (Snake:1)
  19 fire giants
  A draconian monk (Abyss:1)
  8 nagarajas
  2 daevas
  6 azure jellies (Depths:2)
  18 frost giants
  4 iron dragons
  An orc warlord (Orc:2)
  Louise (D:14)
  19 vault wardens
  A ghost moth (shapeshifter) (Vaults:5)
  8 deep elf elementalists
  8 deep elf sorcerers
  10 balrugs
  A juggernaut zombie (Depths:4)
  3 curse skulls
  Aizul (Snake:1)
  A draconian stormcaller (Abyss:1)
  A draconian shifter (Abyss:1)
  3 ghouls
  3 cacodemons
  5 angels
  A juggernaut skeleton (Crypt:2)
  2 draconian annihilators (Depths:5)
  The ghost of Bofuog the Blocker, a journeyman GrFi of Okawaru (Depths:3)
  28 stone giants
  7 vampire knights
  18 ironheart preservers
  14 reapers
  Nessos (D:14)
  3 entropy weavers
  4 war gargoyles
  42 very ugly things
  A dire elephant (shapeshifter) (Depths:4)
  84 large abominations
  8 green draconians
  12 deep elf annihilators
  2 dire elephants (Abyss:1)
  2 red draconians (Crypt:3)
  2 lorocyprocas
  2 black draconians
  9 deep elf demonologists
  2 spark wasps
  7 purple draconians
  2 yellow draconians
  5 blizzard demons
  2 mummy priests (Crypt:3)
  3 white draconians
  A merfolk javelineer (Shoals:4)
  6 eidola
  13 fire dragons
  11 ettins
  2 crystal guardians (Abyss:1)
  Snorg (D:13)
  2 death oozes (Depths:2)
  8 merfolk impalers
  10 great orbs of eyes
  16 jiangshi
  15 deep elf death magi
  Josephine (D:15)
  21 yaktaur captains
  Erolcha (Orc:2)
  42 vault guards
  3 ice dragons
  5 spriggan air magi
  18 naga warriors
  6 hydras
  7 centaur warriors
  4 deep elf high priests
  14 rakshasas
  A catoblepas (shapeshifter) (Abyss:3)
  5 merfolk avatars
  8 anacondas
  3 catoblepae
  An anaconda (shapeshifter) (Vaults:5)
  A spectral stone giant (Crypt:3)
  28 dancing weapons
  10 merfolk aquamancers
  5 death knights
  10 death yaks
  59 two-headed ogres
  4 tengu warriors
  2 alligator snapping turtles
  8 deep troll shamans
  9 shock serpents
  8 deep troll earth magi
  A death yak (shapeshifter) (Depths:3)
  22 hell hogs
  20 ogre magi
  An alligator (Abyss:3)
  3 satyrs (Shoals:3)
  4 iron golems (Hell)
  12 vampire magi
  4 orc high priests (Orc:2)
  A titan zombie (Geh:1)
  15 soul eaters
  25 thrashing horrors
  Sonja (D:10)
  23 sun demons
  2 storm dragon zombies
  5 spriggan berserkers
  33 wretched stars
  14 naga sharpshooters
  33 deep elf knights
  50 skeletal warriors
  42 hell knights
  An anaconda zombie (Hell)
  2 titan skeletons
  6 shadow wraiths
  5 storm dragon skeletons
  5 spatial maelstroms
  2 golden dragon zombies
  7 unseen horrors
  A death drake (Abyss:3)
  8 sixfirhies
  20 sea snakes
  A spark wasp zombie (Depths:4)
  12 wizards
  100 starcursed masses
  An unseen horror (shapeshifter) (Vaults:2)
  3 swamp dragons (shapeshifter)
  13 flayed ghosts
  3 salamander mystics
  A deep troll (shapeshifter) (Vaults:5)
  12 naga ritualists
  27 deep trolls
  2 shadow dragon zombies
  6 phantasmal warriors
  A torturous demonspawn (Depths:3)
  2 shadow demons
  7 glowing orange brains
  22 ironbrand convokers
  A lindwurm (shapeshifter) (Vaults:4)
  Pikel (D:9)
  14 harpies
  24 deep elf archers
  A lindwurm (Lair:6)
  3 anaconda skeletons
  A shadow dragon skeleton (Geh:3)
  2 stone giant zombies
  A golden dragon skeleton (Hell)
  4 frost giant zombies
  13 orc knights
  An orb spider (Abyss:3)
  A mana viper (shapeshifter) (Vaults:2)
  23 fauns
  3 wolf spider zombies
  20 mana vipers
  23 necromancers
  6 orc sorcerers
  A manticore (shapeshifter) (Abyss:1)
  5 wolf spiders
  74 deep elf magi
  4 fire giant zombies
  50 ugly things
  2 iron dragon zombies (Geh:4)
  A faun (shapeshifter) (Depths:3)
  13 manticores
  6 shining eyes
  7 worldbinders
  2 fire giant skeletons (Geh:1)
  9 salamanders
  9 cyclopes
  Maurice (Orc:2)
  A moth of wrath (shapeshifter) (Depths:4)
  A stone giant skeleton (Geh:5)
  10 elephants
  7 rust devils
  6 frost giant skeletons
  3 guardian serpents
  An elephant (shapeshifter) (Vaults:2)
  9 water nymphs
  3 molten gargoyles
  8 merfolk sirens
  A dire elephant zombie (Abyss:3)
  24 vault sentinels
  25 naga magi
  19 smoke demons
  2 eyes of devastation
  A torpor snail (Lair:5)
  10 apocalypse crabs
  45 black mambas
  2 gargoyles
  An eye of devastation (shapeshifter) (Depths:5)
  6 orange demons
  A shock serpent skeleton (Geh:4)
  2 ice statues (Hell)
  13 spiny frogs
  A rime drake (shapeshifter) (Vaults:4)
  2 dire elephant skeletons
  3 kobold demonologists
  2 rime drakes (Lair:6)
  8 komodo dragons
  An emperor scorpion zombie (Geh:1)
  A green draconian zombie (Crypt:1)
  10 hellions
  38 yaktaurs
  6 centaur skeletons
  5 demonic crawlers
  7 efreet
  13 freezing wraiths
  8 hellwings
  4 ice devils
  A komodo dragon (shapeshifter) (Elf:2)
  7 guardian mummies (Crypt:3)
  10 tormentors
  19 ancient zymes
  3 tengu conjurers
  A black draconian skeleton (Crypt:2)
  2 human skeletons (Vaults:2)
  A golden dragon simulacrum (Crypt:3)
  4 meliai (Abyss:3)
  25 merfolk
  20 red devils
  A tengu simulacrum (Vaults:4)
  4 hydra zombies (Hell)
  2 silent spectres
  11 trolls
  2 hornets (shapeshifter)
  4 polar bears
  A meliai (shapeshifter) (Elf:3)
  2 queen bees
  A jumping spider (shapeshifter) (Vaults:2)
  4 wind drakes (Shoals:4)
  4 hornets
  A harpy skeleton (Abyss:3)
  5 ettin zombies
  19 blink frogs
  A bog body (Crypt:1)
  A raiju (shapeshifter) (Depths:4)
  16 dream sheep
  4 hydra skeletons
  An alligator zombie (Geh:1)
  A blink frog (shapeshifter) (Vaults:3)
  40 raiju
  2 fire dragon zombies
  9 snapping turtles
  38 slime creatures
  13 hippogriffs
  A hippogriff (shapeshifter) (Vaults:4)
  A centaur simulacrum (D:15)
  85 flying skulls
  5 fire dragon skeletons
  3 ice dragon skeletons
  2 tarantellas (Vaults:3)
  A shock serpent simulacrum (Abyss:3)
  A redback (shapeshifter) (Depths:4)
  2 air elementals (Abyss:3)
  An ettin skeleton (Hell)
  A black mamba zombie (Geh:4)
  2 redbacks (Vaults:3)
  29 wraiths
  15 shadows
  27 ynoxinuls
  2 wyverns
  19 water elementals
  72 small abominations
  A black mamba skeleton (Abyss:1)
  7 fire bats
  28 yaks
  37 fire elementals
  11 golden eyes
  3 basilisks
  2 hogs (shapeshifter)
  A golden eye (shapeshifter) (Abyss:1)
  22 neqoxecs
  10 spatial vortices
  4 hungry ghosts
  A gelid demonspawn zombie (Crypt:1)
  16 vampire mosquitoes
  15 chaos spawn
  4 wargs
  An insubstantial wisp (Abyss:4)
  53 nagas
  2 soldier ants (shapeshifter)
  3 acid dragons
  A naga (shapeshifter) (Vaults:3)
  A monstrous demonspawn zombie (Crypt:1)
  A deep troll zombie (Vaults:4)
  A water moccasin (shapeshifter) (Depths:2)
  A human zombie (Vaults:4)
  22 water moccasins
  A spiny frog zombie (Hell)
  A floating eye (Abyss:3)
  26 hell hounds
  12 porcupines
  A manticore zombie (Geh:2)
  6 ice beasts
  A slave (D:9)
  3 black bears
  2 phantoms
  An alligator simulacrum (Hell)
  3 spiny frog skeletons
  A black mamba simulacrum (Abyss:3)
  9 sky beasts
  A snapping turtle zombie (Hell)
  14 boggarts
  5 eyes of draining
  22 necrophages
  50 ogres
  47 orc warriors
  27 centaurs
  5 wolves (Lair:6)
  3 crocodiles
  3 snapping turtle skeletons
  2 big kobolds (shapeshifter)
  2 big kobolds
  16 bullfrogs
  4 earth elementals
  A komodo dragon skeleton (Crypt:2)
  5 scorpions
  A wyvern zombie (D:8)
  A water moccasin zombie (D:9)
  A water moccasin skeleton (D:11)
  2 human simulacra
  A snapping turtle simulacrum (Crypt:3)
  A manticore simulacrum (Hell)
  40 killer bees
  An orc simulacrum (Vaults:2)
  30 wights
  A troll skeleton (Abyss:3)
  2 howler monkeys (D:13)
  3 electric eels (Lair:4)
  3 bullfrog zombies
  11 crimson imps
  4 centaur zombies
  8 quasits
  6 hounds
  13 jellies
  37 orc priests
  A hound (shapeshifter) (Vaults:5)
  10 iron imps
  Jessica (D:3)
  3 iguanas
  35 orc wizards
  7 hell rats (Hell)
  A worker ant (shapeshifter) (Depths:4)
  11 worker ants
  A spriggan simulacrum (Abyss:1)
  A crocodile zombie (Crypt:2)
  A naga zombie (Geh:5)
  A tengu zombie (Hell)
  A felid skeleton (Crypt:1)
  A hound zombie (D:6)
  2 hound skeletons
  Robin (D:3)
  A worker ant zombie (D:9)
  A howler monkey skeleton (D:10)
  25 adders
  6 shadow imps
  A steam dragon skeleton (Crypt:1)
  12 white imps
  7 ufetubi
  2 oozes (Depths:2)
  An adder zombie (D:5)
  A lava snake zombie (Crypt:1)
  An adder skeleton (D:7)
  4 worms
  5 dart slugs
  3 leopard geckos
  132 orcs
  8 bats
  6 giant cockroaches
  14 goblins
  18 hobgoblins
  7 jackals
  20 kobolds
  7 quokkas
  A ball python (Lair:2)
  4 frilled lizards
  A giant cockroach zombie (Crypt:2)
  A gnoll skeleton (Crypt:1)
  2 hobgoblin skeletons
  A kobold zombie (Geh:3)
  A leopard gecko skeleton (D:6)
  2 orc zombies
  2 quokka skeletons
  7 rats
  2 crawling corpses (Vaults:5)
  A fungus (Lair:3)
  3 lurking horrors (Abyss:3)
  4 plants
  14 starspawn tentacles
3784 creatures vanquished.

Vanquished Creatures (others)
  A spatial maelstrom (Abyss:4)
  A deep elf mage (Crypt:3)
  A hydra skeleton (Hell)
  An ettin zombie (Hell)
  A human (Depths:3)
  A fire bat (Abyss:3)
  2 neqoxecs (Abyss:1)
  A fire elemental (Hell)
  A large abomination (Abyss:3)
  A warg (Vaults:4)
  An ettin simulacrum (Hell)
  3 small abominations
  A centaur skeleton (Abyss:1)
  A white imp (Abyss:2)
  An adder zombie (D:9)
  An orc (Orc:1)
  An orc skeleton (Hell)
  5 fungi
  4 lurking horrors
  21 plants
  77 starspawn tentacles
127 creatures vanquished.

Grand Total: 3911 creatures vanquished

Notes
Turn   | Place    | Note
-------+----------+-------------------------------------------
     0 | D:1      | flea the Halfling Hunter began the quest for the Orb.
     0 | D:1      | Reached XP level 1. HP: 14/14 MP: 1/1
    78 | D:1      | Reached XP level 2. HP: 19/19 MP: 2/2
   308 | D:1      | Reached XP level 3. HP: 24/24 MP: 3/3
  1044 | D:2      | Found a faded altar of an unknown god.
  1067 | D:2      | Reached XP level 4. HP: 25/29 MP: 4/4
  1988 | D:2      | Reached XP level 5. HP: 33/34 MP: 5/5
  2642 | D:3      | Noticed Robin
  2649 | D:3      | Killed Robin
  2649 | D:3      | Reached XP level 6. HP: 39/39 MP: 6/6
  2734 | D:3      | You fall into a shaft and drop 3 floors!
  2740 | D:6      | Reached skill level 10 in Slings
  2920 | D:5      | Entered Level 5 of the Dungeon
  3220 | D:4      | Reached XP level 7. HP: 44/44 MP: 7/7
  4141 | D:3      | Noticed Jessica
  4153 | D:3      | Killed Jessica
  4402 | D:4      | Found a staircase to the Ecumenical Temple.
  4425 | Temple   | Entered the Ecumenical Temple
  4736 | Temple   | Became a worshipper of Warmaster Okawaru
  4874 | D:4      | Found a sacrificial altar of Ru.
  5045 | D:5      | Reached XP level 8. HP: 49/49 MP: 8/8
  5320 | D:5      | Reached skill level 5 in Stealth
  5533 | D:5      | Reached * piety under Okawaru
  5637 | D:5      | Reached skill level 1 in Axes
  5823 | D:5      | Found a bloodstained altar of Trog.
  6053 | D:6      | Reached skill level 1 in Invocations
  6248 | D:6      | Reached XP level 9. HP: 55/55 MP: 8/10
  6400 | D:6      | Reached ** piety under Okawaru
  7008 | D:7      | Reached skill level 1 in Armour
  7137 | D:7      | Noticed a hippogriff
  7146 | D:7      | Killed a hippogriff
  7426 | D:8      | Noticed a hornet
  7434 | D:8      | Killed a hornet
  7434 | D:8      | Reached *** piety under Okawaru
  7751 | D:8      | Found a white marble altar of Elyvilon.
  7817 | D:8      | Found Castoid's Weapon Shoppe.
  7845 | D:8      | Reached XP level 10. HP: 65/65 MP: 12/12
  7866 | D:8      | Reached skill level 5 in Fighting
  7870 | D:8      | Reached skill level 5 in Dodging
  8037 | D:8      | Reached skill level 5 in Armour
  8324 | D:8      | Reached **** piety under Okawaru
  9233 | D:9      | Received a gift from Okawaru
  9263 | D:9      | Noticed Pikel
  9335 | D:9      | Killed Pikel
  9402 | D:9      | Reached XP level 11. HP: 49/74 MP: 13/13
  9591 | D:9      | Noticed a two-headed ogre
  9605 | D:9      | Killed a two-headed ogre
 10287 | D:10     | Entered Level 10 of the Dungeon
 10287 | D:10     | Found Hujoe's Armour Shoppe.
 10379 | D:10     | Reached ***** piety under Okawaru
 10435 | D:10     | Found a glowing golden altar of the Shining One.
 10561 | D:10     | Found a staircase to the Orcish Mines.
 10572 | D:10     | Received a gift from Okawaru
 10759 | D:10     | Found Xyreesuj's Assorted Antiques.
 10767 | D:10     | Bought a scroll of identify for 64 gold pieces
 10767 | D:10     | Bought a scroll of identify for 64 gold pieces
 10767 | D:10     | Bought a scroll of identify for 64 gold pieces
 10774 | D:10     | Found Wukkud's Antique Weapon Emporium.
 10805 | D:10     | Found Vasainn's General Store.
 10816 | D:10     | Bought a scroll of blinking for 82 gold pieces
 10816 | D:10     | Bought a scroll of teleportation for 33 gold pieces
 11019 | D:10     | Noticed Sonja
 11142 | D:10     | Found a staircase to the Lair.
 11222 | D:10     | Found a shimmering altar of Xom.
 11354 | Lair:1   | Entered Level 1 of the Lair of Beasts
 11542 | D:10     | Received a gift from Okawaru
 11801 | Lair:1   | Received a gift from Okawaru
 11801 | Lair:1   | Reached XP level 12. HP: 84/84 MP: 14/14
 12879 | D:10     | Killed Sonja
 12884 | D:10     | Found Zaiz Gea's Distillery.
 12888 | D:10     | Bought a potion of might for 60 gold pieces
 12888 | D:10     | Bought a potion of lignification for 45 gold pieces
 12888 | D:10     | Bought a potion of degeneration for 15 gold pieces
 13154 | Orc:1    | Entered Level 1 of the Orcish Mines
 13325 | D:10     | Received a gift from Okawaru
 13659 | Orc:2    | Entered Level 2 of the Orcish Mines
 13667 | Orc:2    | Noticed Rupert
 13752 | Orc:1    | Paralysed by Rupert for 3 turns
 13757 | Orc:1    | HP: 3/84 [Rupert/+2 great mace of protection (30)]
 13936 | Lair:2   | Reached skill level 10 in Dodging
 14071 | Lair:2   | Received a gift from Okawaru
 14145 | Lair:2   | Noticed a seven-headed hydra
 14276 | D:10     | Killed a seven-headed hydra
 14444 | Lair:2   | Found a staircase to the Snake Pit.
 14455 | Lair:2   | Received a gift from Okawaru
 14614 | Lair:2   | Noticed a seven-headed hydra
 14632 | Lair:2   | Killed a seven-headed hydra
 14959 | Lair:2   | Noticed a seven-headed hydra
 14967 | Lair:2   | Killed a seven-headed hydra
 14967 | Lair:2   | Received a gift from Okawaru
 15283 | Lair:2   | Reached XP level 13. HP: 33/92 MP: 7/15
 15288 | Lair:2   | Reached skill level 10 in Fighting
 15304 | Lair:2   | Received a gift from Okawaru
 15407 | Lair:2   | Found a staircase to the Shoals.
 16008 | Lair:3   | Reached ****** piety under Okawaru
 16008 | Lair:3   | Reached skill level 15 in Slings
 16113 | Lair:3   | Found a shadowy altar of Dithmenos.
 16121 | Lair:3   | Received a gift from Okawaru
 18471 | Lair:5   | Noticed a four-headed hydra
 18483 | Lair:5   | Killed a four-headed hydra
 18483 | Lair:5   | Received a gift from Okawaru
 18544 | Lair:5   | Found a runed translucent door.
 18546 | Lair:5   | Noticed Kaofid's ghost (journeyman GrEE)
 18695 | Lair:5   | Received a gift from Okawaru
 18728 | Lair:5   | Identified a scroll of acquirement
 18731 | Lair:5   | Acquired the +0 pair of boots "Liewauquge" {rC+ Dex+3}
 19230 | Lair:6   | Entered Level 6 of the Lair of Beasts
 19342 | Lair:6   | Noticed a catoblepas
 19373 | Lair:6   | Reached XP level 14. HP: 102/102 MP: 16/16
 19736 | Lair:6   | Received a gift from Okawaru
 20017 | Lair:6   | Found a staircase to the Slime Pits.
 20109 | Lair:6   | Received a gift from Okawaru
 20283 | Lair:6   | Received a gift from Okawaru
 20390 | Lair:6   | Reached skill level 5 in Invocations
 21267 | D:10     | Bought the +0 mask of the Dragon {MR+ Slay+3 SInv} for 467
                  | gold pieces
 21267 | D:10     | Found the +0 mask of the Dragon {MR+ Slay+3 SInv}
 21358 | Orc:1    | Killed Rupert
 21358 | Orc:1    | Reached skill level 1 in Spellcasting
 21437 | Orc:2    | Learned a level 4 spell: Passage of Golubria
 21719 | Orc:2    | Reached skill level 1 in Translocations
 22316 | Orc:2    | Found a roughly hewn altar of Beogh.
 22316 | Orc:2    | Noticed an orc warlord
 22330 | Orc:2    | Killed an orc warlord
 22330 | Orc:2    | Reached skill level 2 in Translocations
 22330 | Orc:2    | Reached XP level 15. HP: 101/109 MP: 13/19
 22424 | Orc:2    | Reached skill level 3 in Translocations
 22439 | Orc:2    | Received a gift from Okawaru
 22605 | Orc:2    | Found Melir's Book Boutique.
 22621 | Orc:2    | Found Vaeg's Magic Scroll Shop.
 22872 | Orc:2    | Noticed Maurice
 22882 | Orc:2    | Killed Maurice
 22882 | Orc:2    | Reached skill level 4 in Translocations
 22940 | Orc:2    | Found a staircase to the Elven Halls.
 23015 | Orc:2    | Received a gift from Okawaru
 23395 | Orc:2    | Noticed Saint Roka
 23415 | Orc:2    | Reached skill level 5 in Spellcasting
 23436 | Orc:2    | Killed Saint Roka
 23436 | Orc:2    | Received a gift from Okawaru
 23436 | Orc:2    | Reached skill level 5 in Translocations
 23540 | Orc:2    | Noticed Erolcha
 23593 | Orc:2    | Found Ribex's Book Emporium.
 23602 | Orc:2    | Killed Erolcha
 23765 | Orc:2    | Found a roughly hewn altar of Beogh.
 23786 | Orc:2    | Noticed Jorgrun
 23955 | Orc:2    | Killed Jorgrun
 23955 | Orc:2    | Reached skill level 6 in Translocations
 24038 | Orc:2    | Found Quqyast's Antique Armour Shoppe.
 24654 | D:11     | You fall into a shaft and drop 2 floors!
 25412 | D:11     | Reached XP level 16. HP: 117/117 MP: 25/25
 25866 | D:12     | Received a gift from Okawaru
 26011 | D:12     | You fall into a shaft and drop 3 floors!
 26011 | D:15     | Entered Level 15 of the Dungeon
 26138 | D:14     | Found a shattered altar of Ashenzari.
 26152 | D:14     | Noticed Louise
 26190 | D:14     | Killed Louise
 26352 | D:13     | Noticed Frances
 26368 | D:13     | Killed Frances
 26521 | D:13     | Noticed Snorg
 26530 | D:13     | Killed Snorg
 26730 | D:13     | Found a gate to the Vaults.
 26911 | D:14     | Noticed Roxanne
 27769 | D:14     | Noticed Nessos
 27778 | D:14     | Killed Nessos
 28006 | D:14     | Got a steaming emerald amulet
 28122 | D:15     | Noticed Josephine
 28424 | D:15     | Received a gift from Okawaru
 28425 | D:15     | Found the +3 sling "Punk" {acid, rCorr}
 28519 | D:15     | Killed Josephine
 29115 | D:15     | Found an iron altar of Okawaru.
 29262 | D:15     | Found a staircase to the Depths.
 29608 | D:15     | Identified the amulet "Loiczam" {RegenMP rC+} (You found it
                  | on level 14 of the Dungeon)
 29832 | Snake:1  | Entered Level 1 of the Snake Pit
 30097 | Snake:1  | Received a gift from Okawaru
 30138 | Snake:1  | Reached XP level 17. HP: 125/125 MP: 26/26
 30166 | Snake:1  | Reached skill level 1 in Shields
 30173 | Snake:1  | Noticed Donald
 30381 | Snake:1  | Noticed Aizul
 30410 | Snake:1  | Killed Aizul
 30732 | Snake:1  | Killed Donald
 30758 | Snake:1  | Reached skill level 5 in Shields
 31924 | Snake:2  | Found a glowing golden altar of the Shining One.
 32126 | Snake:2  | Received a gift from Okawaru
 32248 | Snake:2  | Reached skill level 10 in Stealth
 32836 | Snake:2  | Noticed Asterion
 32873 | Snake:2  | Reached skill level 10 in Shields
 32906 | Snake:2  | Killed Asterion
 33373 | Snake:2  | Acquired a manual of Dodging
 33468 | Snake:3  | Reached XP level 18. HP: 126/131 MP: 27/27
 33921 | Snake:3  | Reached skill level 15 in Dodging
 33927 | Snake:3  | Received a gift from Okawaru
 34017 | Snake:3  | Received a gift from Okawaru
 34336 | Snake:3  | Found Udylyt's Antique Weapon Emporium.
 34758 | Snake:4  | Entered Level 4 of the Snake Pit
 34872 | Snake:4  | Received a gift from Okawaru
 35194 | Snake:4  | Received a gift from Okawaru
 35725 | Snake:4  | Received a gift from Okawaru
 35895 | Snake:4  | Reached XP level 19. HP: 61/136 MP: 28/28
 36406 | Snake:4  | Got a serpentine rune of Zot
 36572 | Snake:4  | Acquired 940 gold pieces
 37086 | Orc:2    | Bought a scroll of enchant weapon for 120 gold pieces
 37086 | Orc:2    | Bought a scroll of teleportation for 48 gold pieces
 37086 | Orc:2    | Bought a scroll of acquirement for 832 gold pieces
 37087 | Orc:2    | Acquired 1980 gold pieces
 37105 | Orc:2    | Bought a book of the Warp for 900 gold pieces
 37109 | Orc:2    | Learned a level 3 spell: Gell's Gravitas
 37113 | Orc:2    | Learned a level 3 spell: Portal Projectile
 37122 | Orc:2    | Learned a level 8 spell: Controlled Blink
 37131 | Orc:2    | Learned a level 8 spell: Disjunction
 37198 | Elf:1    | Entered Level 1 of the Elven Halls
 37440 | Elf:1    | Received a gift from Okawaru
 37457 | Elf:1    | Identified the amulet of Kuxtibb {rElec rF++ Regen+}
 37482 | Elf:1    | Received a gift from Okawaru
 37561 | Elf:1    | Identified Rihyewn's Volume of the Entourage
 37776 | Elf:1    | Received a gift from Okawaru
 37976 | Elf:1    | Reached skill level 1 in Maces & Flails
 38557 | Elf:2    | Identified the +1 rapier "Ofiy" {freeze, +Blink +Fly}
 38646 | Elf:2    | Found a runed translucent gate.
 38646 | Elf:2    | Found a runed translucent gate.
 38650 | Elf:2    | Found a runed translucent gate.
 38831 | Elf:2    | Found a glowing golden altar of the Shining One.
 38833 | Elf:2    | Found a glowing silver altar of Zin.
 38835 | Elf:2    | Found a white marble altar of Elyvilon.
 39434 | Elf:2    | Received a gift from Okawaru
 39554 | Elf:2    | Received a gift from Okawaru
 39596 | Elf:2    | Noticed a deep elf blademaster
 39678 | Elf:2    | Reached XP level 20. HP: 143/143 MP: 29/29
 40022 | Elf:3    | Entered Level 3 of the Elven Halls
 40031 | Elf:3    | Reached skill level 5 in Maces & Flails
 40039 | Elf:3    | Reached skill level 15 in Shields
 40414 | Elf:3    | Received a gift from Okawaru
 40431 | Elf:3    | Got a twisted kite shield {god gift}
 40442 | Elf:3    | Identified the -2 kite shield of Optimism {rF+ Stlth+}
                  | (Okawaru gifted it to you on level 3 of the Elven Halls)
 41031 | Elf:3    | Identified the +1 robe of the Dolphin {rF- rCorr Stlth+}
 41037 | Elf:3    | Noticed a Tzitzimitl
 41396 | Elf:3    | Learned a level 6 spell: Dispersal
 41470 | Elf:3    | Identified the cursed +1 ring mail "Yngish" {rF+ MR+}
 41603 | Elf:3    | Found the +3 robe of Folly {Archmagi, MR-- Int+5}
 41623 | Elf:3    | Got a crude golden ring
 41625 | Elf:3    | Identified the ring "Veixova" {rPois Int+6} (You found it
                  | on level 3 of the Elven Halls)
 41759 | Elf:3    | Identified the Guide on the Rocks and Snow
 42129 | Shoals:1 | Entered Level 1 of the Shoals
 42311 | Shoals:1 | Received a gift from Okawaru
 42471 | Shoals:1 | Reached XP level 21. HP: 144/148 MP: 30/30
 42526 | Shoals:1 | Received a gift from Okawaru
 43060 | Shoals:1 | Acquired 1230 gold pieces
 43100 | Shoals:1 | Received a gift from Okawaru
 44229 | Shoals:2 | Found a runed translucent door.
 44229 | Shoals:2 | Noticed Pitolas's ghost (adept DDFi)
 44255 | Shoals:2 | Killed Pitolas's ghost
 44616 | Shoals:3 | Found a hazy altar of Hepliaklqana.
 44808 | Shoals:3 | Received a gift from Okawaru
 44928 | Shoals:3 | Received a gift from Okawaru
 45001 | Shoals:3 | Found a snail-covered altar of Cheibriados.
 45244 | Shoals:3 | Found Amies's Book Boutique.
 45524 | Shoals:4 | Entered Level 4 of the Shoals
 45683 | Shoals:4 | Received a gift from Okawaru
 45780 | Shoals:4 | Got a polished helmet {god gift}
 45791 | Shoals:4 | Identified the -4 helmet "Jin Gillibb" {+Blink rF++ Regen+
                  | Str-3} (Okawaru gifted it to you on level 4 of the Shoals)
 45835 | Shoals:4 | Found Wopyofu's Antique Armour Emporium.
 45902 | Shoals:4 | Noticed Nikola
 45915 | Shoals:4 | Killed Nikola
 46425 | Shoals:4 | Identified the Papyrus of the Creative Glacier
 46852 | Shoals:4 | Noticed Polyphemus
 46891 | Shoals:4 | Killed Polyphemus
 47013 | Shoals:4 | Got a barnacled rune of Zot
 47033 | Shoals:4 | Reached XP level 22. HP: 134/154 MP: 31/31
 47454 | Vaults:1 | Entered Level 1 of the Vaults
 47638 | Vaults:1 | Learned a level 2 spell: Blink
 47759 | Vaults:1 | Received a gift from Okawaru
 48073 | Shoals:4 | Got a faintly glowing cloak
 48084 | Shoals:4 | Identified the cursed +0 cloak of the Flute {Dex+4} (You
                  | found it on level 4 of the Shoals)
 49815 | Vaults:1 | Found Yggeawk's Assorted Antiques.
 49835 | Vaults:1 | Bought a scroll of brand weapon for 660 gold pieces
 49835 | Vaults:1 | Bought a scroll of acquirement for 1716 gold pieces
 49835 | Vaults:1 | Acquired 850 gold pieces
 49960 | Vaults:1 | Found an iron altar of Okawaru.
 50658 | Vaults:2 | Reached skill level 1 in Evocations
 51231 | Vaults:2 | Received a gift from Okawaru
 51231 | Vaults:2 | Reached skill level 5 in Evocations
 51322 | Vaults:2 | Found a portal to a secret trove of treasure.
 51752 | Vaults:2 | Received a gift from Okawaru
 51942 | Vaults:2 | Reached XP level 23. HP: 160/160 MP: 32/32
 52177 | Vaults:2 | Reached skill level 7 in Translocations
 52234 | Vaults:2 | Found a staircase to the Crypt.
 52234 | Vaults:2 | Found a basalt altar of Yredelemnul.
 52235 | Vaults:2 | Found an ancient bone altar of Kikubaaqudgha.
 52821 | Vaults:3 | Found a blossoming altar of Fedhas.
 52926 | Vaults:3 | Reached skill level 8 in Translocations
 53224 | Vaults:3 | Reached skill level 9 in Translocations
 53620 | Vaults:3 | Received a gift from Okawaru
 54048 | Vaults:4 | Found Loeluc's Assorted Antiques.
 54193 | Vaults:4 | Bought a scroll of teleportation for 126 gold pieces
 54297 | Vaults:4 | Reached skill level 10 in Translocations
 54304 | Vaults:4 | Received a gift from Okawaru
 54812 | Vaults:4 | Reached skill level 11 in Translocations
 54928 | Vaults:4 | Received a gift from Okawaru
 54938 | Vaults:4 | Reached XP level 24. HP: 128/166 MP: 30/35
 55244 | Vaults:4 | Received a gift from Okawaru
 55303 | Vaults:4 | Received a gift from Okawaru
 55383 | Vaults:4 | Reached skill level 12 in Translocations
 55605 | Vaults:4 | Received a gift from Okawaru
 56399 | Depths:1 | Entered Level 1 of the Depths
 56718 | Depths:1 | Reached skill level 13 in Translocations
 56772 | Depths:1 | Found a gateway to Hell.
 56917 | Depths:1 | Got a flickering golden ring
 56919 | Depths:1 | Identified the ring "Haoggucs" {*Slow rN+++ Str+6 Int+5}
                  | (You found it on level 1 of the Depths)
 56952 | Depths:1 | Reached skill level 10 in Evocations
 57271 | Depths:1 | Received a gift from Okawaru
 57386 | Depths:2 | Reached skill level 10 in Maces & Flails
 57662 | Depths:2 | Noticed a caustic shrike
 57697 | Depths:2 | Killed a caustic shrike
 58114 | Depths:2 | Found a one-way gate to the infinite horrors of the Abyss.
 58213 | Depths:2 | Reached skill level 14 in Translocations
 58213 | Depths:2 | Reached XP level 25. HP: 110/171 MP: 36/36
 58455 | Depths:2 | Reached skill level 10 in Spellcasting
 58655 | Depths:2 | Received a gift from Okawaru
 59221 | Depths:2 | Found a viscous altar of Jiyva.
 59248 | Depths:2 | Reached skill level 15 in Translocations
 59813 | Depths:3 | Found Ympumuec's Antique Armour Boutique.
 59813 | Depths:3 | Found Uthroraak's Antique Armour Shop.
 59817 | Depths:3 | Found Miavay's Weapon Boutique.
 60390 | Depths:3 | Found a one-way gate leading to the halls of Pandemonium.
 60598 | Depths:3 | Found a runed translucent gate.
 60599 | Depths:3 | Found a runed translucent gate.
 60600 | Depths:3 | Found a runed translucent gate.
 60609 | Depths:3 | Noticed Bofuog's ghost (journeyman GrFi)
 60867 | Depths:3 | Found a runed door.
 60996 | Depths:3 | Received a gift from Okawaru
 61002 | Depths:3 | Reached skill level 16 in Translocations
 61150 | Depths:3 | Noticed an ancient lich
 61165 | Depths:3 | Killed an ancient lich
 61225 | Depths:3 | Got a crude lead ring
 61227 | Depths:3 | Identified the ring "Uvoary" {rC+ rCorr Str+7 Int+4} (You
                  | found it on level 3 of the Depths)
 61479 | Depths:3 | Killed Bofuog's ghost
 61479 | Depths:3 | Reached XP level 26. HP: 164/178 MP: 38/38
 61608 | Depths:3 | Gained mutation: You do not regenerate when monsters are
                  | visible. [mutagenic glow]
 61631 | Depths:4 | Gained mutation: Your spells are a little easier to cast,
                  | but a little less powerful. [mutagenic glow]
 62030 | Depths:4 | Reached skill level 17 in Translocations
 62438 | Depths:4 | Received a gift from Okawaru
 62504 | Depths:4 | Identified the +8 battleaxe of the Wolf {vorpal, Int+5
                  | Dex+2}
 63054 | Depths:4 | Noticed an ancient lich
 63073 | Depths:4 | Reached skill level 18 in Translocations
 63273 | Depths:4 | Identified the amulet "Kononuoq" {Acrobat +Fly rPois Str-2}
 63390 | Depths:4 | Noticed an ancient lich
 63401 | Depths:4 | Killed an ancient lich
 63401 | Depths:4 | Received a gift from Okawaru
 63541 | Depths:4 | Got a steaming helmet
 63552 | Depths:4 | Identified the +1 helmet of Wisdom {Harm MR+} (You found it
                  | on level 4 of the Depths)
 63633 | Depths:4 | Received a gift from Okawaru
 63780 | Depths:4 | Killed an ancient lich
 63780 | Depths:4 | Received a gift from Okawaru
 64169 | Depths:5 | Entered Level 5 of the Depths
 64210 | Depths:5 | Reached skill level 19 in Translocations
 64256 | Depths:5 | Received a gift from Okawaru
 64298 | Depths:5 | Reached XP level 27. HP: 183/183 MP: 39/39
 64305 | Depths:5 | Found Veutrad's Assorted Antiques.
 64360 | Depths:5 | Found a gateway to a ziggurat.
 64367 | Depths:5 | Found Dahairadop's Food Shop.
 64561 | Depths:5 | Received a gift from Okawaru
 64976 | Depths:5 | Received a gift from Okawaru
 65183 | Depths:5 | Noticed a juggernaut
 65218 | Depths:5 | Killed a juggernaut
 65218 | Depths:5 | Received a gift from Okawaru
 65396 | Depths:5 | Reached skill level 20 in Translocations
 65427 | Depths:5 | Identified the Incunabulum of Shifting Beguiling
 65467 | Depths:5 | Found Toak's Gadget Shop.
 65467 | Depths:5 | Found Voledediwk's Jewellery Shoppe.
 65468 | Depths:5 | Found Podotatt's Gadget Shop.
 65476 | Depths:5 | Bought the ring "Unudopt" {rN+ MR++ Dex+6 Slay+6} for 1943
                  | gold pieces
 65513 | Depths:5 | Found Ipin's Distillery.
 65704 | Depths:5 | Found a gate to the Realm of Zot.
 66357 | Vaults:5 | Entered Level 5 of the Vaults
 66407 | Vaults:4 | Reached skill level 10 in Armour
 66777 | Vaults:5 | Got a silver rune of Zot
 66968 | Vaults:5 | Received a gift from Okawaru
 67195 | Vaults:5 | Found Faopit's Distillery.
 67200 | Vaults:5 | Bought a potion of might for 56 gold pieces
 67200 | Vaults:5 | Bought a potion of mutation for 112 gold pieces
 67300 | Vaults:5 | Identified the cursed +0 robe "Gerytatz" {rC- Regen+ rCorr
                  | Dex+4}
 67589 | Vaults:5 | Found Falajien's Distillery.
 67608 | Vaults:5 | Bought a potion of heal wounds for 95 gold pieces
 67608 | Vaults:5 | Bought a potion of might for 76 gold pieces
 67608 | Vaults:5 | Bought 2 potions of heal wounds for 190 gold pieces
 67608 | Vaults:5 | Bought a potion of invisibility for 152 gold pieces
 67608 | Vaults:5 | Bought a potion of might for 76 gold pieces
 67643 | Vaults:5 | Identified the +8 hunting sling of Ipnolon {venom, *Drain
                  | Str+3 Int+3 Stlth+}
 67670 | Vaults:5 | Identified the ring "Lynumex" {rElec rN+ MR+ Str+6 Slay+3}
 67712 | Vaults:5 | Noticed an ancient lich
 67733 | Vaults:5 | Killed an ancient lich
 67907 | Vaults:5 | Identified the Tome of Curses
 68199 | Vaults:5 | Received a gift from Okawaru
 68533 | Vaults:5 | Reached skill level 21 in Translocations
 69225 | Vaults:5 | Found Ofintir's Food Emporium.
 69760 | Temple   | Fell from the grace of Okawaru
 69760 | Temple   | Became a worshipper of Zin the Law-Giver
 69760 | Temple   | Reached * piety under Zin
 69760 | Temple   | Reached ** piety under Zin
 69761 | Temple   | Donated 1926 gold pieces to Zin
 69762 | Temple   | Donated 963 gold pieces to Zin
 69784 | Temple   | Reached *** piety under Zin
 69909 | D:10     | Reached **** piety under Zin
 70039 | Vaults:1 | Reached ***** piety under Zin
 70089 | Crypt:1  | Entered Level 1 of the Crypt
 70949 | Crypt:1  | Reached ****** piety under Zin
 73057 | Crypt:2  | Reached skill level 22 in Translocations
 74323 | Crypt:3  | Entered Level 3 of the Crypt
 75148 | Crypt:3  | Found a basalt altar of Yredelemnul.
 75275 | Crypt:3  | Lost mutation: Your spells are a little easier to cast, but
                  | a little less powerful. [potion of mutation]
 75275 | Crypt:3  | Lost mutation: You do not regenerate when monsters are
                  | visible. [potion of mutation]
 75512 | Crypt:3  | Reached skill level 23 in Translocations
 76282 | Crypt:3  | Was forgiven by Okawaru
 76856 | Crypt:3  | Noticed Khufu
 76869 | Crypt:3  | Killed Khufu
 76985 | Crypt:3  | Found a staircase to the Tomb.
 77022 | Crypt:3  | Identified Gycazxopp's Guide on Aid and Displacement
 77630 | Hell     | Entered the Vestibule of Hell
 77630 | Hell     | Noticed Geryon
 77653 | Depths:1 | Gained mutation: You are frail. (-10% HP) [mutagenic glow]
 77704 | Depths:2 | Voluntarily entered the Abyss.
 78138 | Abyss:2  | Found a corrupted altar of Lugonu.
 78151 | Abyss:2  | Found a corrupted altar of Lugonu.
 78205 | Abyss:3  | Found a corrupted altar of Lugonu.
 78221 | Abyss:3  | Acquired a manual of Stealth
 78709 | Abyss:3  | Reached skill level 15 in Stealth
 79184 | Abyss:3  | Paralysed by you for 3 turns
 79196 | Abyss:3  | Paralysed by you for 2 turns
 79339 | Depths:2 | Escaped the Abyss
 79503 | Depths:2 | Voluntarily entered the Abyss.
 79544 | Abyss:1  | Noticed an ancient lich
 79558 | Abyss:1  | Killed an ancient lich
 80200 | Depths:2 | Escaped the Abyss
 80347 | Depths:2 | Voluntarily entered the Abyss.
 80681 | Abyss:1  | Found a corrupted altar of Lugonu.
 81535 | Abyss:3  | Reached skill level 15 in Maces & Flails
 81638 | Abyss:3  | Found a burning altar of Makhleb.
 81718 | Abyss:3  | Learned a level 3 spell: Lesser Beckoning
 81720 | Abyss:3  | Learned a level 1 spell: Apportation
 81805 | Abyss:3  | Paralysed by accursed screaming for 1 turns
 81818 | Abyss:3  | Paralysed by accursed screaming for 1 turns
 81823 | Abyss:3  | Paralysed by accursed screaming for 1 turns
 81860 | Abyss:3  | Paralysed by accursed screaming for 1 turns
 81861 | Depths:2 | Escaped the Abyss
 82037 | Depths:2 | Voluntarily entered the Abyss.
 82040 | Abyss:1  | Found a corrupted altar of Lugonu.
 82296 | Abyss:1  | Found a corrupted altar of Lugonu.
 82488 | Abyss:1  | Found a corrupted altar of Lugonu.
 83112 | Abyss:3  | Found a corrupted altar of Lugonu.
 83168 | Abyss:3  | Paralysed by accursed screaming for 1 turns
 83748 | Abyss:3  | Paralysed by fainting for 8 turns
 84147 | Abyss:3  | Found a corrupted altar of Lugonu.
 84354 | Abyss:3  | Learned a level 9 spell: Tornado
 84703 | Abyss:3  | Found a corrupted altar of Lugonu.
 85663 | Abyss:4  | Identified the Tome of the Earthen Blaze
 85864 | Abyss:4  | Paralysed by accursed screaming for 1 turns
 85893 | Depths:2 | Escaped the Abyss
 86047 | Depths:2 | Voluntarily entered the Abyss.
 86217 | Abyss:1  | Reached skill level 15 in Fighting
 86787 | Abyss:3  | Got an abyssal rune of Zot
 87369 | Abyss:3  | Noticed an ancient lich
 87382 | Abyss:3  | Killed an ancient lich
 87404 | Abyss:3  | Paralysed by accursed screaming for 1 turns
 87605 | Depths:2 | Escaped the Abyss
 87723 | Depths:2 | Voluntarily entered the Abyss.
 87790 | Abyss:1  | Paralysed by accursed screaming for 1 turns
 87802 | Abyss:1  | Paralysed by accursed screaming for 2 turns
 87999 | Abyss:1  | Noticed an ancient lich
 88015 | Abyss:1  | Killed an ancient lich
 88357 | Abyss:1  | Paralysed by fainting for 8 turns
 89270 | Abyss:2  | Found a stormy altar of Qazlal.
 89340 | Depths:2 | Escaped the Abyss
 89798 | Hell     | Found a gateway to the ashen valley of Gehenna.
 89816 | Hell     | Zin protects you from harm!
 90369 | Hell     | Found a gateway to the Iron City of Dis.
 90503 | Hell     | Killed Geryon
 90710 | Hell     | Found a gateway to the freezing wastes of Cocytus.
 90989 | Hell     | Found a gateway to the decaying netherworld of Tartarus.
 91356 | Geh:1    | Entered Level 1 of Gehenna
 91665 | Geh:1    | Cast into level 2 of the Abyss (hell knight)
 91665 | Abyss:2  | Found a corrupted altar of Lugonu.
 91703 | Geh:1    | Escaped the Abyss
 93408 | Geh:3    | Reached skill level 10 in Invocations
 96066 | Geh:5    | You fall into a shaft and drop 1 floor!
 96074 | Geh:6    | Found a huge runed gate.
 96074 | Geh:6    | Found a huge runed gate.
 96074 | Geh:6    | Found a huge runed gate.
 96074 | Geh:6    | Found a huge runed gate.
 96074 | Geh:6    | Found a huge runed gate.
 96074 | Geh:6    | Found a huge runed gate.
 96079 | Geh:6    | Found a huge runed gate.
 96088 | Geh:6    | Noticed an ancient lich
 96094 | Geh:6    | Killed from afar by a hellion

Illustrated notes

Levels and vault maps discovered:
D:1:      roderic_chinese_lattice_arrival, layout_basic, columned_hall_lemuel
D:2:      layout_loops_corners, first_ration, chequers_ecumenical_altar_island,
          minmay_joined_circles
D:3:      layout_loops_ring, uniq_robin, uniq_jessica
D:4:      layout_rooms, nicolae_ru_awakened_eye,
          minmay_temple_entry_proselytizer
D:5:      layout_basic, basic_altar
D:6:      layout_basic, grunt_tough_drop
D:7:      layout_cave_pools
D:8:      layout_loops_ring, basic_altar, serial_shops, nicolae_shop_crystal,
          david_nohive_1, nicolae_benzene_ring
D:9:      layout_irregular_city, enter_bailey_2, serial_co_window_serial,
          co_window_corner_a, co_window_corner_a, co_window_paths_b,
          co_window_paths_a, co_window_paths_b, co_window_2corner,
          co_window_unsneaky_path_d, co_window_2corner, co_window_4corner_a,
          glass_columns_b, uniq_pikel
D:10:     layout_roguey, david_lair_generic, david_orc_3, basic_altar,
          serial_shops, shop, kennysheep_mini_moat, nicolae_shop_behind_doors,
          shop, shop_statue, nicolae_tso_carved_into_rock, uniq_sonja
D:11:     layout_stronghold
D:12:     layout_grid_maze, grunt_decor_mini_mirrors
D:13:     layout_basic, skrybe_vaults_entry_preservation, uniq_frances,
          uniq_snorg
D:14:     layout_stronghold, lemuel_tele_altar, uniq_louise, uniq_nessos,
          uniq_roxanne
D:15:     grunt_enter_depths_snipers, layout_irregular_city,
          lemuel_altar_in_water, serial_bayou_pond_a, uniq_josephine
Temple:   kilobyte_greek_temple
Lair:1:   layout_loops_ring
Lair:2:   layout_hall_layers, elwin_shoals_entry_stream,
          minmay_snake_entry_six_corridors, serial_bayou, serial_bayou_pond_e,
          serial_bayou_shore_b, serial_bayou_pond_e, serial_bayou_pond_c,
          roderic_carrion_pond
Lair:3:   layout_roguey, basic_altar, st_stairs_4, nicolae_quartered_pool_super
Lair:4:   layout_hall_layers, minmay_hedge_maze, minmay_lair_oklob_bushes,
          chequers_serial_rivers_small_3, serial_bayou_shore_a,
          infiniplex_staircase_pool, grunt_megastairs_3
Lair:5:   layout_cave_pods, ebering_ghost_inner_flame, beast_lair_carwin_5
Lair:6:   grunt_lair_end_beastmaster, layout_cave_shapes, slime_dummy,
          st_stairs_7, chequers_serial_rivers_small_3
Shoals:1: cheibrodos_shoals_three_sisters, layout_shoals
Shoals:2: layout_shoals, ebering_ghost_inner_flame, nicolae_shoals_water_shrine
Shoals:3: layout_shoals, serial_shops, shop, hangedman_feature_mirror
Shoals:4: shoals_end_grunt_ice, layout_shoals, serial_shops, nicolae_shop_trees,
          uniq_nikola, uniq_polyphemus
Snake:1:  cheibrodos_snake_ritualist_ritual, layout_layer_cave,
          hangedman_snake_wide_pillar_pass, uniq_aizul, uniq_donald
Snake:2:  layout_gridlike, grunt_ministairs_1, st_stairs_4, lemuel_oklob_altar,
          uniq_asterion
Snake:3:  layout_honeycomb, serial_shops, shop, minmay_snake_pond
Snake:4:  snake_pit, layout_cave_town, grunt_megastairs_1
Orc:1:    layout_caves
Orc:2:    pubby_orc_utopia, uniq_maurice, uniq_jorgrun, uniq_erolcha,
          uniq_rupert
Elf:1:    layout_loops_corners, minmay_elf_demonology
Elf:2:    layout_loops_cross, portal_desolation_entry_holy_temple
Elf:3:    elf_hall_gauntlet_wide, layout_geoelf_octagon,
          corexii_leaking_fountain, abandoned_shop
Vaults:1: hangedman_vaults_unwind, v_alt_pattern_2,
          nicolae_vaults_yaktaur_gun_rack, ontoclasm_vaults_fault,
          vaults_room_corners, nicolae_vaults_network_star,
          nicolae_vaults_asterisk, nicolae_vaults_display_case,
          nicolae_vaults_mini_display_case, layout_vaults_omnigrid, basic_altar,
          serial_shops, nicolae_shop_waterfront
Vaults:2: hangedman_vaults_stitches, ontoclasm_vaults_eye, v_misc_2,
          minmay_crypt_entry_necro_gods, nicolae_vaults_little_ls,
          nicolae_vaults_back_hallway, v_alt_pattern_1,
          grunt_vaults_hallway_long, vaults_room_hangedman_quadrants,
          nicolae_vaults_border_crossing, nicolae_vaults_twisting_passages,
          v_misc_12, nicolae_vaults_little_squares_4, layout_vaults_omnibox,
          enter_trove_6
Vaults:3: vaults_dpeg_spiral, v_misc_22, v_misc_11, dpeg_vaults_monster_box,
          vaults_room_fours, vaults_room_fours, v_misc_12,
          layout_vaults_big_room, basic_altar
Vaults:4: nicolae_vaults_little_squares_4, grunt_vaults_swirl, st_greater_box_5,
          vaults_mumra_hexcomb, nicolae_vaults_asterisk,
          nicolae_vaults_circle_grid_b, nicolae_vaults_rhombus_5, v_misc_27,
          hangedman_vaults_maws, hangedman_vaults_impose,
          hangedman_vaults_snaps, vaults_room_semicircle,
          layout_vaults_maze_snakey, serial_shops, shop_fountains
Vaults:5
Crypt:1:  layout_rooms, minivault_27, roderic_lattice_octagonal_star
Crypt:2:  layout_rooms
Crypt:3:  grunt_crypt_end_deaths_head
Depths:1: layout_cave_pools, dk_noncrumbling_3, hell_entry,
          lightli_fourway_metalbox, firewood_loft
Depths:2: minmay_ornate_pinched, layout_basic, nicolae_water_bricks,
          special_room [special_room_jelly], hell_entry, minmay_room_of_horrors,
          serial_sigils, serial_sigils_hangedman_gnaw,
          serial_sigils_hangedman_quiver, serial_sigils_hangedman_writhe,
          serial_sigils_hangedman_snap, serial_bayou_shore_b, uniq_saint_roka
Depths:3: evilmike_wizard_prison, layout_basic, gammafunk_ghost_tricky_traps,
          pf_hell_entry_great_geh, minmay_crystal_room, rand_demon_pan_entry_4,
          minmay_misc_feat_chi, minmay_shop_star
Depths:4: hangedman_pleasuredromes, hell_entry, abyss_entry
Depths:5: evilmike_zot_entry_diamond, layout_basic, enter_ziggurat_f,
          serial_shops, shop_fountains, shop, shop, hell_entry,
          minmay_shop_grove
Hell
Geh:1:    layout_gehenna_lava_caves
Geh:2:    layout_gehenna_pools_basic
Geh:3:    layout_gehenna_pools_triple
Geh:4:    layout_gehenna_lava_caves
Geh:5:    layout_gehenna_pools_box
Geh:6:    layout_gehenna_lava_caves, door_vault

Skill      XL: |  1  2  3  4  5  6  7  8  9 10 11 12 13 14 15 16 17 18 19 20 21 22 23 24 25 26 27 |
---------------+----------------------------------------------------------------------------------+-----
Slings         | 6 7 8 9 10 11 12 14 17 18 20 | 20.5
Stealth        | 3 4 6 7 8 10 12 20 | 20.0
Axes           | 1 |  1.9
Fighting       | 2 4 6 8 9 11 12 13 14 18 | 18.4
Invocations    | 2 3 6 12 | 12.3
Armour         | 4 6 9 14 | 14.0
Dodging        | 4 7 9 10 11 12 13 18 | 18.5
Spellcasting   | 3 6 8 9 11 12 13 | 13.8
Translocations | 2 6 11 14 16 19 23 | 23.0
Shields        | 10 11 14 17 19 21 | 21.1
Maces & Flails | 4 7 9 10 21 | 21.4
Evocations     | 6 8 10 | 10.1

Action                   |  1- 3 |  4- 6 |  7- 9 | 10-12 | 13-15 | 16-18 | 19-21 | 22-24 | 25-27 || total
-------------------------+-------+-------+-------+-------+-------+-------+-------+-------+-------++-------
Melee: Short sword       |    46 |    40 |       |       |       |       |       |       |       ||    86
       War axe           |       |       |    53 |    60 |       |       |       |       |       ||   113
       Broad axe         |       |       |       |   131 |    43 |    18 |       |       |       ||   192
       Demon whip        |       |       |       |       |       |   104 |   228 |   596 |   103 ||  1031
       Sacred scourge    |       |       |       |       |       |       |       |       |  4894 ||  4894
 Fire: Hunting sling     |    48 |   195 |   455 |   698 |       |       |       |       |       ||  1396
       Fustibalus        |       |       |       |   251 |  1381 |  1484 |  1552 |  1624 |  3508 ||  9800
Throw: Stone             |       |       |       |       |       |       |     7 |       |     2 ||     9
       Throwing net      |       |       |       |       |       |       |       |       |     8 ||     8
 Cast: Gell's Gravitas   |       |       |       |       |       |       |       |     8 |       ||     8
       Passage of Golubr |       |       |       |       |       |       |       |    10 |     4 ||    14
       Blink             |       |       |       |       |       |       |       |     1 |       ||     1
       Dispersal         |       |       |       |       |       |       |       |     4 |    49 ||    53
       Portal Projectile |       |       |       |       |       |       |       |     2 |     8 ||    10
       Controlled Blink  |       |       |       |       |       |       |       |       |    12 ||    12
       Disjunction       |       |       |       |       |       |       |       |       |     8 ||     8
Invok: Heroism           |       |       |     2 |     9 |     5 |     8 |     9 |     6 |     8 ||    47
       Finesse           |       |       |       |     1 |     2 |     2 |       |     2 |     5 ||    12
       Recite            |       |       |       |       |       |       |       |       |     5 ||     5
       Donate Gold       |       |       |       |       |       |       |       |       |     2 ||     2
Evoke: Box of beasts     |       |       |       |       |       |       |       |     1 |       ||     1
       Phial of floods   |       |       |       |       |       |       |       |     1 |       ||     1
       Wand              |       |       |       |       |       |       |       |       |     2 ||     2
  Use: Scroll            |       |       |     7 |    12 |    12 |    12 |    10 |    10 |    20 ||    83
       Potion            |       |       |       |     1 |     1 |       |     1 |     1 |    18 ||    22
 Stab: Sleeping          |       |     1 |       |     4 |     2 |     2 |     1 |     5 |    22 ||    37
       Distracted        |       |       |       |       |       |       |       |       |    68 ||    68
       Invisible         |       |       |       |       |       |       |       |       |     4 ||     4
       Confused          |       |       |       |       |       |       |       |       |     2 ||     2
       Petrified         |       |       |       |       |       |       |       |       |     2 ||     2
  Eat: Chunk             |       |     7 |    13 |    18 |    31 |    27 |    31 |    32 |    29 ||   188
       Ration            |       |       |       |     1 |       |     1 |     1 |     1 |    36 ||    40
Armor: Leather armour    |    13 |       |       |       |       |       |       |       |       ||    13
       Ring mail         |     2 |    31 |    59 |    17 |       |       |       |       |       ||   109
       Troll leather arm |       |       |       |   153 |    67 |   109 |    47 |    56 |    76 ||   508
       Quicksilver drago |       |       |       |       |       |       |       |       |   531 ||   531
Dodge: Dodged            |    49 |    73 |   111 |   879 |   424 |   618 |   386 |   526 |  2878 ||  5944
Block: Kite shield       |       |       |       |       |       |   348 |   578 |   793 |  4241 ||  5960
